 Dungeon Sprint DCSS version 0.22.1-5-g62c59d9 (webtiles) character file.

134 nuthulu the Grappler (level 7, -21/83 HPs)
             Began as a Troll Berserker on Jan 7, 2019.
             Was a High Priest of Trog.
             Hit by a large rock thrown by a cyclops (28 damage)
             ... in the Dungeon (Sprint VI: "Thunderdome").
             The game lasted 00:03:42 (514 turns).

nuthulu the Grappler (Troll Berserker)               Turns: 514, Time: 00:03:42

Health: -21/83     AC:  7    Str: 26    XL:     7   Next: 15%
Magic:  6/6        EV: 12    Int:  8    God:    Trog [*****.]
Gold:   66         SH:  0    Dex: 15    Spells: 6/6 levels left

rFire    + . .     SeeInvis +     - Unarmed
rCold    + + .     Gourm    +   (no shield)
rNeg     + . .     Faith    .   q - +2 robe "Umaobb" {rElec rF+ Regen+ Str-5}
rPois    .         Spirit   .   (helmet restricted)
rElec    +         Reflect  .   (no cloak)
rCorr    .         Harm     .   (gloves unavailable)
MR       +....     NoTele   +   (boots unavailable)
Stlth    +.........             m - amulet "Enkawymp" {*Drain +Blink +Rage rC+ SInv}
HPRegen  1.03/turn              n - ring "Yjiyhij" {*Slow rN+ MR+ Str+3}
MPRegen  0.10/turn              o - ring of the Bruised Wishes {rC+ Int+5 Dex+6}

@: no status effects
A: large, unfitting armour, claws 3, fast metabolism 3, gourmand, regeneration
1, shaggy fur 1, tough skin 2
a: Berserk, Trog's Hand, Brothers in Arms, Renounce Religion, Evoke Blink, Evoke
Berserk Rage


You were in the Dungeon.
You worshipped Trog.
Trog was extremely pleased with you.
You were not hungry.

You visited 1 branch You collected 400 gold pieces.
You spent 334 gold pieces at shops.

Inventory:

Armour
 a - a +0 animal skin
 q - the +2 robe "Umaobb" (worn) {rElec rF+ Regen+ Str-5}
   (You bought it in a shop in the Dungeon)

   It affects your strength (-5).
   It protects you from fire.
   It insulates you from electricity.
   It increases your rate of regeneration.
Jewellery
 m - the amulet "Enkawymp" (around neck) {*Drain +Blink +Rage rC+ SInv}
   (You bought it in a shop in the Dungeon)

   [amulet of rage]

   It protects you from cold.
   It lets you see invisible.
   It lets you blink.
   It lets you go berserk.
   It causes draining when unequipped.
 n - the ring "Yjiyhij" (left claw) {*Slow rN+ MR+ Str+3}
   (You bought it in a shop in the Dungeon)

   [ring of protection from magic]

   It affects your strength (+3).
   It protects you from negative energy.
   It affects your resistance to hostile enchantments.
   It may slow you when you take damage.
 o - the ring of the Bruised Wishes (right claw) {rC+ Int+5 Dex+6}
   (You bought it in a shop in the Dungeon)

   [ring of dexterity]

   It affects your intelligence (+5).
   It affects your dexterity (+6).
   It protects you from cold.
Wands
 i - a wand of acid (5)
 j - a wand of iceblast (5)
Scrolls
 h - 4 scrolls of blinking
 k - 3 scrolls of fog
Potions
 c - a potion of curing
 d - 4 potions of heal wounds
 e - 4 potions of haste
 f - 2 potions of magic
 g - a potion of berserk rage
 l - 2 potions of resistance
Comestibles
 b - 2 rations
 p - 2 chunks of flesh


   Skills:
 - Level 9.2 Fighting
 * Level 4.1 Dodging
 - Level 10.9 Unarmed Combat


You had 6 spell levels left.
You didn't know any spells.
Your spell library was empty.

Dungeon Overview and Level Annotations

Branches:
Dungeon (1/1)

Altars:
Cheibriados
Dithmenos
Fedhas
Gozag
Kikubaaqudgha
Makhleb
Okawaru
Qazlal
Ru
Sif Muna
Trog
Uskayaw
Vehumet
Wu Jian
Xom
Yredelemnul
Zin
The Shining One
Beogh
Jiyva
Lugonu

Shops:
D *[%??*?*:[((!!!!


Innate Abilities, Weirdness & Mutations

You are too large for most types of armour.
You have claws for hands.
Your metabolism is lightning-fast.
You like to eat raw meat.
Your natural rate of healing is unusually fast.
You are covered in fur. (AC +1)
You have very tough skin. (AC +2)


Message History

* * * LOW HITPOINT WARNING * * *
The hippogriff pecks you.
* * * LOW HITPOINT WARNING * * *
The hippogriff claws you!
* * * LOW HITPOINT WARNING * * *
The cyclops throws a large rock.
The large rock misses you.
The cyclops throws a large rock.
The large rock completely misses you.
Unknown command.
The hippogriff barely misses you. The hippogriff pecks you.
* * * LOW HITPOINT WARNING * * *
The hippogriff misses you.
Unknown command.
You scratch the hippogriff but do no damage.
The hippogriff is lightly wounded.
The hippogriff bites you.
* * * LOW HITPOINT WARNING * * *
The hippogriff pecks you but does no damage.
The hippogriff claws you but does no damage.
The cyclops throws a large rock.
The large rock hits you!!
You die...

#.....# ##.....## ##∩.....∩##
#∩.).....∩# #_....()._#
#_....(.._# #_..÷...._#
###H.....(..###
#)(@....(....⌠#
######.8......(..8.######
##∩___......###......._.∩#
###∩........8.# #.8........∩
##......[......###...........
#⌠....(.....###...###........
#⌠........C.# #.<.# #........
#⌠.......C..###...###........
##.............###...........


You could see 2 cyclopes and a hippogriff.

Vanquished Creatures
  Sigmund (D)
  2 floating eyes (D)
  A centaur (D)
  A big kobold (D)
  2 jellies (D)
  An adder (D)
  2 oozes (D)
  An orc (D)
  A giant cockroach (D)
  A goblin (D)
  2 hobgoblins (D)
  2 kobolds (D)
  A quokka (D)
18 creatures vanquished.

Notes
Turn   | Place    | Note
-------+----------+-------------------------------------------
     0 | D        | nuthulu the Troll Berserker began the quest for the Orb.
     0 | D        | Reached XP level 1. HP: 22/22 MP: 0/0
     2 | D        | Found a basalt altar of Yredelemnul.
     2 | D        | Found an opulent altar of Gozag.
     3 | D        | Found an ornate altar of the Wu Jian Council.
     4 | D        | Found an ancient bone altar of Kikubaaqudgha.
     4 | D        | Found a glowing golden altar of the Shining One.
     5 | D        | Found Ahouv's Identification Station.
     5 | D        | Found a radiant altar of Vehumet.
     5 | D        | Found a blossoming altar of Fedhas.
     5 | D        | Found Arrairasu's Delicious Food.
     5 | D        | Round 1.
     6 | D        | Found Laringo's Advanced Armour.
     6 | D        | Found Lonnod's Jewellery.
     8 | D        | Found a shimmering altar of Xom.
    15 | D        | Reached skill level 4 in Unarmed Combat
    15 | D        | Reached XP level 2. HP: 21/31 MP: 1/1
    28 | D        | Bought a scintillating emerald amulet for 45 gold pieces
    28 | D        | Bought a flickering bronze ring for 45 gold pieces
    28 | D        | Bought a serpentine granite ring for 45 gold pieces
    28 | D        | Identified the amulet "Enkawymp" {*Drain +Blink +Rage rC+
                  | SInv} (You bought it in a shop in the Dungeon)
    29 | D        | Identified the ring "Yjiyhij" {*Slow rN+ MR+ Str+3} (You
                  | bought it in a shop in the Dungeon)
    30 | D        | Identified the ring of the Bruised Wishes {rC+ Int+5 Dex+6}
                  | (You bought it in a shop in the Dungeon)
    36 | D        | Reached ** piety under Trog
    50 | D        | Found a burning altar of Makhleb.
    51 | D        | Found Plog's Premium Goods.
    52 | D        | Found a sacrificial altar of Ru.
    52 | D        | Found a viscous altar of Jiyva.
    52 | D        | Found a roughly hewn altar of Beogh.
    52 | D        | Found Qutogg's Weapon Rack.
    52 | D        | Found Fiugoo's Miscellaneous Merchandise.
    52 | D        | Found Novet's Basic Armour.
    56 | D        | Found a bloodstained altar of Trog.
    57 | D        | Found a glowing silver altar of Zin.
    58 | D        | Found an iron altar of Okawaru.
    59 | D        | Found Qoweten's Do-It-Yourself Clinic.
    60 | D        | Found Soklopp's Bottled Wisdom.
    60 | D        | Found Vucvubli's Distillery.
    60 | D        | Found a snail-covered altar of Cheibriados.
    60 | D        | Found Ceriys's Distillery.
    67 | D        | Found a corrupted altar of Lugonu.
    70 | D        | Found a stormy altar of Qazlal.
    71 | D        | Found a hide-covered altar of Uskayaw.
    73 | D        | Found Mokhum's Staff Store.
    74 | D        | Found a shadowy altar of Dithmenos.
    74 | D        | Found a deep blue altar of Sif Muna.
    74 | D        | Found Heahoa's Magic Scroll Shop.
    74 | D        | Found Ucaisir's Must-Have Magic.
    74 | D        | Found Kahuv's Magic Scroll Shop.
   126 | D        | Noticed Sigmund
   133 | D        | Killed Sigmund
   133 | D        | Reached *** piety under Trog
   133 | D        | Arena points: 14 (+14) [x2]
   133 | D        | Reached skill level 8 in Unarmed Combat
   133 | D        | Reached XP level 3. HP: 45/45 MP: 2/2
   133 | D        | Reached XP level 4. HP: 53/53 MP: 3/3
   133 | D        | Reached XP level 5. HP: 61/61 MP: 4/4
   161 | D        | Round 2.
   286 | D        | Reached **** piety under Trog
   299 | D        | Arena points: 50 (+36) [x3]
   299 | D        | Reached skill level 9 in Unarmed Combat
   368 | D        | Round 3.
   374 | D        | Noticed a floating eye
   381 | D        | Paralysed by a floating eye for 2 turns
   386 | D        | Killed a floating eye
   386 | D        | Reached XP level 6. HP: 74/74 MP: 5/5
   406 | D        | Reached skill level 10 in Unarmed Combat
   417 | D        | Noticed a floating eye
   422 | D        | Killed a floating eye
   448 | D        | Reached ***** piety under Trog
   448 | D        | Arena points: 134 (+84) [x4]
   462 | D        | Bought a slimy robe for 199 gold pieces
   472 | D        | Identified the +2 robe "Umaobb" {rElec rF+ Regen+ Str-5}
                  | (You bought it in a shop in the Dungeon)
   501 | D        | Round 4.
   501 | D        | Noticed a hippogriff
   509 | D        | Noticed a cyclops
   509 | D        | Noticed a cyclops
   510 | D        | Reached XP level 7. HP: 44/83 MP: 6/6
   514 | D        | Hit by a large rock thrown by a cyclops

Skill      XL: |  1  2  3  4  5  6 |
---------------+-------------------+-----
Fighting       | 3 6 8 9 |  9.2
Unarmed Combat | 4 8 9 10 | 10.9
Dodging        | 4 |  4.1

Action                   |  1- 3 |  4- 6 |  7- 9 || total
-------------------------+-------+-------+-------++-------
Melee: Unarmed           |    17 |    26 |     2 ||    45
Invok: Berserk           |     1 |       |       ||     1
  Eat: Chunk             |     2 |     4 |       ||     6
Armor: Animal skin       |     8 |     2 |       ||    10
       Robe              |       |       |     2 ||     2
Dodge: Dodged            |     4 |     8 |     4 ||    16
